[ AOE2 MATCH · #487444035 ]
UnrankedBohemians vs Spanish
[ REPLAY ANALYSIS · EXTRACTED FROM THE RECORDED GAME ]
Feudal
8:52
Castle
24:39
Imperial
—
| APM avg | 47.5 |
| APM peak | 96 |
| eAPM avg | 25.3 |
| Villagers / military | 90 / 28 |
Focus
⚔️ 33.7% · 🌾 66.3%
Archer ×23 · Mangonel ×3 · Battering Ram ×2
Feudal
11:24
Castle
17:57
Imperial
—
| APM avg | 50.9 |
| APM peak | 92 |
| eAPM avg | 23.2 |
| Villagers / military | 92 / 26 |
Focus
⚔️ 26.9% · 🌾 73.1%
Conquistador ×18 · Battering Ram ×5 · Mangonel ×2 · Monk ×1
Feudal
11:57
Castle
15:29
Imperial
30:51
| APM avg | 49.6 |
| APM peak | 109 |
| eAPM avg | 32.3 |
| Villagers / military | 209 / 44 |
Focus
⚔️ 33.8% · 🌾 66.2%
Camel Archer ×32 · Knight ×5 · Scout Cavalry ×3 · Monk ×2 · Trebuchet (Packed) ×2
Feudal
11:00
Castle
20:54
Imperial
—
| APM avg | 34.6 |
| APM peak | 90 |
| eAPM avg | 21.3 |
| Villagers / military | 183 / 0 |
Focus
⚔️ 23.4% · 🌾 76.6%
Feudal
9:46
Castle
17:29
Imperial
31:35
| APM avg | 50.3 |
| APM peak | 91 |
| eAPM avg | 20.1 |
| Villagers / military | 143 / 14 |
Focus
⚔️ 32.4% · 🌾 67.6%
Scout Cavalry ×6 · Ballista Elephant ×6 · Monk ×2
Feudal
10:56
Castle
15:16
Imperial
—
| APM avg | 31.7 |
| APM peak | 68 |
| eAPM avg | 17.1 |
| Villagers / military | 93 / 71 |
Focus
⚔️ 34.4% · 🌾 65.6%
Longbowman ×55 · Spearman ×16
Feudal
10:35
Castle
15:12
Imperial
—
| APM avg | 21.9 |
| APM peak | 74 |
| eAPM avg | 13.0 |
| Villagers / military | 106 / 9 |
Focus
⚔️ 6.4% · 🌾 93.6%
Spearman ×6 · Monk ×3
Feudal
8:02
Castle
22:39
Imperial
—
| APM avg | 30.0 |
| APM peak | 70 |
| eAPM avg | 21.6 |
| Villagers / military | 120 / 2 |
Focus
⚔️ 15.9% · 🌾 84.1%
Mangudai ×2
Match map
Initial resources + every placement click. Lines = walls · curves = elevation contours. ◆ gold · ⬟ stone · ● berries · ✦ relic · ◌ wall gap
Your base· ✓ Closed at 24:39 · 7t walls · 8 gate(s)
luanb10's base· ✓ Closed at 17:57 · 29t walls · 4 gate(s)
DS_Levi's base· ✓ Closed at 15:29 · 12t walls · 3 gate(s)
Aztart's base· ✓ Closed at 20:54 · 18t walls · 2 gate(s)
Cris_1z's base· ✓ Closed at 17:29 · 0t walls · 3 gate(s)
Azulazar's base· ✓ Closed at 15:16 · 0t walls · 3 gate(s)
牛比无极限's base· ✓ Closed at 15:12 · 0t walls · 2 gate(s)
DS_Moai's base· ✓ Closed at 22:39 · 0t walls · 7 gate(s)
Smoothed initial terrain · ◌ = detected wall gap · hover for details
Inputs per minute
— DL | Tortafuller - - luanb10
Build order — DL | Tortafuller
First 150 of 223 actions detected
| 0:01 | Create | Villager (Male) |
| 0:01 | Create | Villager (Male) |
| 0:01 | Create | Villager (Male) |
| 0:02 | Create | Villager (Male) |
| 0:02 | Create | Villager (Male) |
| 0:03 | Build | House |
| 0:04 | Build | House |
| 1:26 | Create | Villager (Male) |
| 1:26 | Create | Villager (Male) |
| 1:52 | Create | Villager (Male) |
| 1:53 | Create | Villager (Male) |
| 1:53 | Create | Villager (Male) |
| 2:23 | Build | Lumber Camp |
| 2:28 | Create | Villager (Male) |
| 2:28 | Create | Villager (Male) |
| 2:28 | Create | Villager (Male) |
| 2:28 | Create | Villager (Male) |
| 2:44 | Create | Villager (Male) |
| 2:44 | Create | Villager (Male) |
| 2:44 | Create | Villager (Male) |
| 3:22 | Create | Villager (Male) |
| 3:30 | Create | Villager (Male) |
| 3:30 | Create | Villager (Male) |
| 3:51 | Build | House |
| 4:21 | Create | Villager (Male) |
| 4:22 | Create | Villager (Male) |
| 4:47 | Create | Villager (Male) |
| 4:47 | Create | Villager (Male) |
| 4:51 | Build | Mill |
| 5:48 | Create | Villager (Male) |
| 6:12 | Research | Loom |
| 6:42 | Research | Feudal Age |
| 6:59 | Build | Mining Camp |
| 7:30 | Create | Villager (Male) |
| 7:31 | Create | Villager (Male) |
| 7:31 | Create | Villager (Male) |
| 7:39 | Build | House |
| 8:37 | Create | Villager (Male) |
| 8:46 | Build | Palisade Wall |
| 8:52 | Age | Feudal Age |
| 8:54 | Research | Double-Bit Axe |
| 9:02 | Build | Watch Tower |
| 9:11 | Create | Villager (Male) |
| 9:22 | Research | Horse Collar |
| 9:49 | Create | Villager (Male) |
| 10:00 | Build | House |
| 10:08 | Create | Villager (Male) |
| 10:45 | Build | Watch Tower |
| 10:57 | Build | Palisade Gate |
| 11:10 | Build | Palisade Gate |
| 11:12 | Create | Villager (Male) |
| 11:26 | Build | Palisade Gate |
| 11:34 | Create | Villager (Male) |
| 11:34 | Create | Villager (Male) |
| 11:57 | Build | Watch Tower |
| 12:28 | Build | Palisade Gate |
| 12:48 | Build | House |
| 12:50 | Create | Villager (Male) |
| 12:55 | Create | Villager (Male) |
| 12:58 | Build | Blacksmith |
| 13:24 | Build | Palisade Wall |
| 13:30 | Create | Villager (Male) |
| 13:35 | Build | House |
| 13:36 | Create | Villager (Male) |
| 13:36 | Create | Villager (Male) |
| 13:36 | Create | Villager (Male) |
| 13:56 | Research | Fletching |
| 14:00 | Build | Farm |
| 14:01 | Build | Farm |
| 14:01 | Build | Farm |
| 14:01 | Build | Farm |
| 14:01 | Build | Farm |
| 14:02 | Build | Farm |
| 14:19 | Build | Palisade Gate |
| 14:29 | Build | Palisade Wall |
| 14:30 | Build | Palisade Wall |
| 14:34 | Build | Palisade Wall |
| 14:53 | Create | Villager (Male) |
| 14:54 | Create | Villager (Male) |
| 14:54 | Create | Villager (Male) |
| 15:16 | Build | Palisade Wall |
| 15:20 | Build | Palisade Wall |
| 15:23 | Build | Palisade Wall |
| 15:24 | Create | Villager (Male) |
| 15:26 | Build | Farm |
| 15:33 | Build | House |
| 15:42 | Create | Villager (Male) |
| 15:57 | Create | Villager (Male) |
| 16:02 | Build | Watch Tower |
| 16:10 | Build | Watch Tower |
| 16:19 | Create | Villager (Male) |
| 16:21 | Create | Villager (Male) |
| 16:24 | Build | Farm |
| 16:26 | Build | Farm |
| 16:30 | Build | Farm |
| 16:30 | Build | Farm |
| 16:38 | Create | Villager (Male) |
| 16:46 | Create | Villager (Male) |
| 16:46 | Create | Villager (Male) |
| 17:08 | Create | Villager (Male) |
| 17:23 | Build | Lumber Camp |
| 17:24 | Create | Villager (Male) |
| 17:44 | Build | Watch Tower |
| 17:46 | Create | Villager (Male) |
| 18:07 | Build | Gate |
| 18:17 | Build | Gate |
| 18:19 | Create | Villager (Male) |
| 18:21 | Create | Villager (Male) |
| 18:28 | Create | Villager (Male) |
| 18:35 | Create | Villager (Male) |
| 18:36 | Build | Farm |
| 18:53 | Build | Watch Tower |
| 18:54 | Create | Villager (Male) |
| 18:59 | Build | Mining Camp |
| 19:03 | Build | Farm |
| 19:04 | Build | Farm |
| 19:12 | Build | Watch Tower |
| 19:13 | Create | Villager (Male) |
| 19:28 | Build | Farm |
| 19:39 | Build | Farm |
| 19:40 | Build | Farm |
| 19:42 | Build | Farm |
| 19:56 | Build | Watch Tower |
| 20:32 | Build | Barracks |
| 20:46 | Build | House |
| 21:18 | Build | Archery Range |
| 21:28 | Create | Villager (Male) |
| 21:41 | Build | Mining Camp |
| 21:56 | Research | Castle Age |
| 21:59 | Build | House |
| 22:00 | Build | House |
| 22:06 | Build | House |
| 22:15 | Research | Padded Archer Armor |
| 22:36 | Create | Archer |
| 22:36 | Create | Archer |
| 22:36 | Create | Archer |
| 22:41 | Build | House |
| 23:13 | Create | Villager (Male) |
| 23:14 | Create | Archer |
| 23:14 | Create | Archer |
| 23:14 | Create | Archer |
| 23:18 | Build | House |
| 23:39 | Create | Archer |
| 23:39 | Create | Archer |
| 23:54 | Create | Archer |
| 23:54 | Create | Archer |
| 24:16 | Build | Market |
| 24:27 | Create | Archer |
| 24:39 | Age | Castle Age |
| 24:40 | Research | Crossbowman (upgrade) |
Build order — luanb10
First 150 of 200 actions detected
| 0:01 | Create | Villager (Male) |
| 0:01 | Create | Villager (Male) |
| 0:02 | Create | Villager (Male) |
| 0:03 | Build | House |
| 0:04 | Build | House |
| 0:21 | Create | Villager (Male) |
| 0:21 | Create | Villager (Male) |
| 0:22 | Create | Villager (Male) |
| 1:27 | Create | Villager (Male) |
| 1:27 | Create | Villager (Male) |
| 1:46 | Build | Lumber Camp |
| 1:49 | Create | Villager (Male) |
| 1:49 | Create | Villager (Male) |
| 1:49 | Create | Villager (Male) |
| 2:15 | Create | Villager (Male) |
| 2:15 | Create | Villager (Male) |
| 2:42 | Create | Villager (Male) |
| 2:42 | Create | Villager (Male) |
| 2:42 | Create | Villager (Male) |
| 3:01 | Create | Villager (Male) |
| 3:01 | Create | Villager (Male) |
| 3:36 | Create | Villager (Male) |
| 3:37 | Create | Villager (Male) |
| 3:53 | Build | House |
| 3:57 | Create | Villager (Male) |
| 3:58 | Create | Villager (Male) |
| 3:58 | Create | Villager (Male) |
| 4:20 | Build | Mill |
| 4:33 | Create | Villager (Male) |
| 4:33 | Create | Villager (Male) |
| 4:34 | Create | Villager (Male) |
| 4:42 | Build | House |
| 4:44 | Build | House |
| 5:13 | Create | Villager (Male) |
| 5:13 | Create | Villager (Male) |
| 5:13 | Create | Villager (Male) |
| 5:14 | Create | Villager (Male) |
| 5:58 | Create | Villager (Male) |
| 5:59 | Create | Villager (Male) |
| 6:22 | Build | Mining Camp |
| 6:26 | Create | Villager (Male) |
| 6:27 | Create | Villager (Male) |
| 6:36 | Create | Villager (Male) |
| 6:36 | Create | Villager (Male) |
| 7:26 | Create | Villager (Male) |
| 7:26 | Create | Villager (Male) |
| 7:59 | Create | Villager (Male) |
| 8:00 | Create | Villager (Male) |
| 8:26 | Build | Mining Camp |
| 8:49 | Create | Villager (Male) |
| 8:49 | Create | Villager (Male) |
| 8:50 | Create | Villager (Male) |
| 8:58 | Research | Feudal Age |
| 8:59 | Research | Feudal Age |
| 9:46 | Research | Loom |
| 9:51 | Build | Palisade Wall |
| 9:52 | Build | Palisade Wall |
| 9:57 | Build | Palisade Wall |
| 9:59 | Build | Palisade Wall |
| 10:32 | Build | House |
| 10:55 | Build | Palisade Wall |
| 10:59 | Build | Palisade Wall |
| 11:07 | Build | Palisade Wall |
| 11:07 | Build | Palisade Wall |
| 11:07 | Build | Palisade Wall |
| 11:24 | Age | Feudal Age |
| 11:26 | Create | Villager (Male) |
| 11:30 | Build | Market |
| 11:39 | Build | Watch Tower |
| 11:42 | Build | House |
| 11:47 | Build | House |
| 11:49 | Create | Villager (Male) |
| 11:49 | Create | Villager (Male) |
| 11:59 | Build | Palisade Wall |
| 12:35 | Build | House |
| 12:41 | Build | House |
| 12:46 | Build | Blacksmith |
| 12:52 | Create | Villager (Male) |
| 12:52 | Create | Villager (Male) |
| 13:02 | Build | House |
| 13:08 | Build | Palisade Wall |
| 13:11 | Build | Palisade Wall |
| 13:15 | Build | Palisade Wall |
| 13:17 | Build | Palisade Wall |
| 13:19 | Build | Palisade Wall |
| 13:20 | Build | Palisade Wall |
| 13:23 | Build | Palisade Wall |
| 13:33 | Create | Villager (Male) |
| 13:34 | Create | Villager (Male) |
| 13:51 | Build | Watch Tower |
| 13:54 | Create | Villager (Male) |
| 14:15 | Build | House |
| 15:03 | Create | Villager (Male) |
| 15:17 | Research | Castle Age |
| 15:17 | Research | Castle Age |
| 15:17 | Research | Castle Age |
| 16:30 | Build | House |
| 16:33 | Build | House |
| 16:42 | Build | Farm |
| 16:43 | Build | Farm |
| 16:44 | Build | Farm |
| 16:44 | Build | Farm |
| 16:46 | Build | Farm |
| 17:11 | Build | Farm |
| 17:37 | Build | Gate |
| 17:43 | Build | Farm |
| 17:57 | Age | Castle Age |
| 18:51 | Build | Castle |
| 18:57 | Create | Villager (Male) |
| 18:57 | Create | Villager (Male) |
| 19:12 | Build | House |
| 19:51 | Create | Conquistador |
| 19:51 | Create | Conquistador |
| 19:58 | Create | Villager (Male) |
| 20:04 | Build | Farm |
| 20:06 | Build | Farm |
| 21:05 | Create | Villager (Male) |
| 21:06 | Create | Villager (Male) |
| 21:14 | Build | House |
| 21:22 | Create | Villager (Male) |
| 21:22 | Create | Villager (Male) |
| 21:31 | Create | Villager (Male) |
| 21:42 | Create | Villager (Male) |
| 21:42 | Create | Villager (Male) |
| 21:44 | Build | Farm |
| 21:47 | Build | Farm |
| 21:50 | Create | Villager (Male) |
| 22:13 | Build | House |
| 22:29 | Create | Villager (Male) |
| 22:29 | Create | Villager (Male) |
| 22:33 | Build | Town Center |
| 22:35 | Create | Villager (Male) |
| 22:39 | Create | Conquistador |
| 22:39 | Create | Conquistador |
| 22:40 | Create | Conquistador |
| 22:40 | Create | Conquistador |
| 22:40 | Create | Conquistador |
| 22:49 | Research | Fletching |
| 22:50 | Research | Fletching |
| 22:50 | Research | Fletching |
| 22:50 | Research | Fletching |
| 22:52 | Create | Villager (Male) |
| 23:14 | Research | Double-Bit Axe |
| 23:14 | Research | Double-Bit Axe |
| 23:21 | Build | Farm |
| 23:23 | Build | Farm |
| 23:24 | Build | Farm |
| 24:11 | Build | Siege Workshop |
| 24:12 | Create | Villager (Male) |
| 24:13 | Create | Villager (Male) |
Build order — DS_Levi
First 150 of 430 actions detected
| 0:01 | Create | Villager (Male) |
| 0:01 | Create | Villager (Male) |
| 0:02 | Build | House |
| 0:03 | Build | House |
| 0:11 | Create | Villager (Male) |
| 0:13 | Create | Villager (Male) |
| 0:13 | Create | Villager (Male) |
| 1:30 | Create | Villager (Male) |
| 1:31 | Create | Villager (Male) |
| 1:31 | Create | Villager (Male) |
| 1:41 | Create | Villager (Male) |
| 1:41 | Create | Villager (Male) |
| 1:41 | Create | Villager (Male) |
| 1:52 | Build | Lumber Camp |
| 2:10 | Create | Villager (Male) |
| 2:39 | Create | Villager (Male) |
| 2:39 | Create | Villager (Male) |
| 3:00 | Create | Villager (Male) |
| 3:00 | Create | Villager (Male) |
| 3:35 | Create | Villager (Male) |
| 3:36 | Create | Villager (Male) |
| 4:02 | Build | House |
| 4:06 | Create | Villager (Male) |
| 4:06 | Create | Villager (Male) |
| 4:19 | Create | Villager (Male) |
| 4:19 | Create | Villager (Male) |
| 4:52 | Build | Palisade Gate |
| 4:56 | Build | Palisade Gate |
| 5:04 | Build | Palisade Wall |
| 5:07 | Build | Palisade Wall |
| 5:08 | Build | Palisade Wall |
| 5:12 | Create | Villager (Male) |
| 5:12 | Create | Villager (Male) |
| 5:15 | Build | Palisade Wall |
| 5:18 | Create | Villager (Male) |
| 5:18 | Create | Villager (Male) |
| 5:19 | Build | Palisade Wall |
| 5:20 | Build | Palisade Wall |
| 5:25 | Build | Palisade Wall |
| 5:27 | Build | Palisade Wall |
| 5:30 | Build | Palisade Wall |
| 5:31 | Create | Villager (Male) |
| 5:31 | Create | Villager (Male) |
| 5:31 | Create | Villager (Male) |
| 5:46 | Build | Mill |
| 5:48 | Create | Villager (Male) |
| 5:48 | Create | Villager (Male) |
| 5:48 | Create | Villager (Male) |
| 5:50 | Build | Palisade Wall |
| 5:51 | Build | Palisade Wall |
| 5:51 | Build | Palisade Wall |
| 6:14 | Build | House |
| 6:29 | Create | Villager (Male) |
| 6:29 | Create | Villager (Male) |
| 6:29 | Create | Villager (Male) |
| 6:35 | Create | Villager (Male) |
| 6:36 | Create | Villager (Male) |
| 6:36 | Create | Villager (Male) |
| 7:11 | Create | Villager (Male) |
| 7:12 | Create | Villager (Male) |
| 7:44 | Create | Villager (Male) |
| 8:20 | Build | House |
| 8:48 | Create | Villager (Male) |
| 9:00 | Build | Lumber Camp |
| 9:00 | Create | Villager (Male) |
| 9:30 | Build | Mining Camp |
| 9:39 | Research | Feudal Age |
| 9:39 | Research | Feudal Age |
| 10:36 | Create | Villager (Male) |
| 10:41 | Build | Barracks |
| 10:45 | Build | Farm |
| 10:47 | Build | Farm |
| 11:56 | Create | Villager (Male) |
| 11:57 | Age | Feudal Age |
| 11:59 | Build | Stable |
| 12:07 | Build | Market |
| 12:49 | Research | Castle Age |
| 13:27 | Research | Horse Collar |
| 13:27 | Research | Horse Collar |
| 13:44 | Build | Farm |
| 13:46 | Build | Farm |
| 13:47 | Build | Farm |
| 13:50 | Build | Farm |
| 13:56 | Build | Farm |
| 13:59 | Build | Farm |
| 14:09 | Research | Double-Bit Axe |
| 14:09 | Research | Double-Bit Axe |
| 14:21 | Build | Farm |
| 14:32 | Create | Scout Cavalry |
| 15:02 | Create | Scout Cavalry |
| 15:07 | Build | House |
| 15:21 | Create | Villager (Male) |
| 15:29 | Age | Castle Age |
| 15:33 | Build | Town Center |
| 15:35 | Research | Bow Saw |
| 15:35 | Research | Bow Saw |
| 15:35 | Research | Bow Saw |
| 15:37 | Create | Villager (Male) |
| 15:37 | Create | Villager (Male) |
| 15:59 | Create | Villager (Male) |
| 16:05 | Create | Villager (Male) |
| 16:07 | Build | Farm |
| 16:15 | Create | Villager (Male) |
| 16:15 | Create | Villager (Male) |
| 16:25 | Create | Villager (Male) |
| 16:32 | Create | Villager (Male) |
| 16:32 | Create | Villager (Male) |
| 16:56 | Create | Knight |
| 16:58 | Create | Villager (Male) |
| 16:59 | Create | Villager (Male) |
| 16:59 | Create | Villager (Male) |
| 17:10 | Build | Town Center |
| 17:12 | Create | Villager (Male) |
| 17:13 | Build | Farm |
| 17:14 | Build | Farm |
| 17:24 | Build | Farm |
| 17:27 | Build | Farm |
| 17:28 | Create | Villager (Male) |
| 17:28 | Create | Villager (Male) |
| 17:30 | Build | House |
| 17:32 | Build | House |
| 17:47 | Create | Villager (Male) |
| 17:54 | Build | House |
| 17:55 | Build | House |
| 17:56 | Build | House |
| 18:08 | Create | Knight |
| 18:10 | Create | Villager (Male) |
| 18:12 | Build | Farm |
| 18:19 | Build | Farm |
| 18:20 | Build | Farm |
| 18:28 | Create | Villager (Male) |
| 18:28 | Create | Villager (Male) |
| 18:29 | Create | Villager (Male) |
| 18:29 | Create | Villager (Male) |
| 18:31 | Build | Farm |
| 18:41 | Create | Villager (Male) |
| 18:43 | Build | Farm |
| 18:50 | Build | Farm |
| 18:50 | Create | Villager (Male) |
| 18:50 | Create | Villager (Male) |
| 18:57 | Create | Villager (Male) |
| 18:57 | Create | Villager (Male) |
| 19:06 | Build | Farm |
| 19:07 | Build | Farm |
| 19:08 | Create | Villager (Male) |
| 19:09 | Create | Villager (Male) |
| 19:27 | Create | Villager (Male) |
| 19:27 | Create | Villager (Male) |
| 19:28 | Create | Villager (Male) |
| 19:29 | Build | Farm |
Build order — Aztart
First 150 of 311 actions detected
| 0:02 | Create | Villager (Male) |
| 0:02 | Create | Villager (Male) |
| 0:02 | Create | Villager (Male) |
| 0:02 | Create | Villager (Male) |
| 0:02 | Create | Villager (Male) |
| 0:04 | Build | House |
| 0:05 | Build | House |
| 1:27 | Create | Villager (Male) |
| 1:27 | Create | Villager (Male) |
| 1:58 | Build | Lumber Camp |
| 2:03 | Create | Villager (Male) |
| 2:03 | Create | Villager (Male) |
| 2:17 | Create | Villager (Male) |
| 2:47 | Create | Villager (Male) |
| 2:48 | Create | Villager (Male) |
| 3:03 | Create | Villager (Male) |
| 3:04 | Create | Villager (Male) |
| 3:46 | Create | Villager (Male) |
| 3:47 | Create | Villager (Male) |
| 3:56 | Build | House |
| 3:58 | Build | House |
| 4:00 | Build | House |
| 4:13 | Build | House |
| 4:15 | Build | House |
| 4:20 | Create | Villager (Male) |
| 4:20 | Create | Villager (Male) |
| 4:47 | Create | Villager (Male) |
| 4:47 | Create | Villager (Male) |
| 4:52 | Build | House |
| 5:11 | Create | Villager (Male) |
| 5:11 | Create | Villager (Male) |
| 5:22 | Create | Villager (Male) |
| 5:23 | Create | Villager (Male) |
| 5:57 | Build | Mill |
| 5:57 | Create | Villager (Male) |
| 5:58 | Create | Villager (Male) |
| 6:23 | Create | Villager (Male) |
| 6:23 | Create | Villager (Male) |
| 6:46 | Build | Farm |
| 6:50 | Build | Farm |
| 6:56 | Create | Villager (Male) |
| 7:24 | Build | Lumber Camp |
| 7:26 | Create | Villager (Male) |
| 7:26 | Create | Villager (Male) |
| 7:47 | Create | Villager (Male) |
| 8:02 | Build | House |
| 8:14 | Build | House |
| 8:23 | Build | Palisade Wall |
| 8:25 | Research | Loom |
| 8:25 | Research | Feudal Age |
| 8:30 | Build | House |
| 8:33 | Create | Villager (Male) |
| 8:45 | Build | House |
| 8:52 | Build | House |
| 9:02 | Create | Villager (Male) |
| 9:05 | Create | Villager (Male) |
| 9:32 | Build | Mining Camp |
| 10:12 | Build | House |
| 10:22 | Build | House |
| 10:30 | Build | House |
| 10:34 | Build | House |
| 11:00 | Age | Feudal Age |
| 11:08 | Build | Watch Tower |
| 11:15 | Create | Villager (Male) |
| 11:22 | Create | Villager (Male) |
| 11:58 | Build | Watch Tower |
| 12:05 | Create | Villager (Male) |
| 12:11 | Build | Blacksmith |
| 12:19 | Build | House |
| 12:22 | Create | Villager (Male) |
| 12:30 | Create | Villager (Male) |
| 12:31 | Create | Villager (Male) |
| 12:45 | Create | Villager (Male) |
| 13:04 | Create | Villager (Male) |
| 13:08 | Create | Villager (Male) |
| 13:14 | Build | Farm |
| 13:21 | Research | Fletching |
| 13:28 | Create | Villager (Male) |
| 13:32 | Create | Villager (Male) |
| 13:37 | Build | House |
| 13:48 | Create | Villager (Male) |
| 13:51 | Build | Farm |
| 13:56 | Create | Villager (Male) |
| 13:58 | Create | Villager (Male) |
| 14:12 | Create | Villager (Male) |
| 14:19 | Build | Palisade Wall |
| 14:22 | Create | Villager (Male) |
| 14:24 | Build | Farm |
| 14:24 | Create | Villager (Male) |
| 14:44 | Build | Mining Camp |
| 14:50 | Build | Palisade Wall |
| 14:51 | Create | Villager (Male) |
| 14:53 | Build | Farm |
| 15:02 | Create | Villager (Male) |
| 15:19 | Build | Market |
| 15:27 | Build | Palisade Wall |
| 15:28 | Create | Villager (Male) |
| 15:39 | Create | Villager (Male) |
| 15:56 | Build | Farm |
| 15:58 | Build | Farm |
| 15:59 | Create | Villager (Male) |
| 16:11 | Create | Villager (Male) |
| 16:15 | Build | Farm |
| 16:22 | Create | Villager (Male) |
| 16:47 | Create | Villager (Male) |
| 17:14 | Create | Villager (Male) |
| 17:33 | Build | Farm |
| 17:44 | Create | Villager (Male) |
| 18:05 | Build | Farm |
| 18:14 | Research | Castle Age |
| 20:20 | Build | Lumber Camp |
| 20:23 | Research | Double-Bit Axe |
| 20:24 | Research | Horse Collar |
| 20:54 | Age | Castle Age |
| 20:57 | Build | Town Center |
| 21:00 | Build | Farm |
| 21:02 | Research | Bow Saw |
| 21:02 | Create | Villager (Male) |
| 21:03 | Create | Villager (Male) |
| 21:03 | Create | Villager (Male) |
| 21:12 | Create | Villager (Male) |
| 21:14 | Create | Villager (Male) |
| 21:25 | Create | Villager (Male) |
| 21:26 | Create | Villager (Male) |
| 21:29 | Create | Villager (Male) |
| 21:41 | Create | Villager (Male) |
| 21:44 | Create | Villager (Male) |
| 21:46 | Create | Villager (Male) |
| 21:53 | Build | Town Center |
| 21:55 | Create | Villager (Male) |
| 21:56 | Create | Villager (Male) |
| 22:08 | Create | Villager (Male) |
| 22:09 | Create | Villager (Male) |
| 22:09 | Create | Villager (Male) |
| 22:11 | Create | Villager (Male) |
| 22:14 | Build | Farm |
| 22:16 | Build | Farm |
| 22:25 | Build | Farm |
| 22:25 | Create | Villager (Male) |
| 22:26 | Create | Villager (Male) |
| 22:28 | Create | Villager (Male) |
| 22:30 | Create | Villager (Male) |
| 22:30 | Create | Villager (Male) |
| 22:36 | Create | Villager (Male) |
| 22:36 | Create | Villager (Male) |
| 22:50 | Research | Heavy Plow |
| 22:50 | Create | Villager (Male) |
| 22:54 | Build | Farm |
| 22:54 | Create | Villager (Male) |
| 23:02 | Build | Farm |
Build order — Cris_1z
First 150 of 302 actions detected
| 0:03 | Create | Villager (Male) ×4 |
| 0:03 | Create | Villager (Male) ×4 |
| 0:05 | Build | House |
| 0:06 | Build | House |
| 1:36 | Create | Villager (Male) |
| 1:36 | Create | Villager (Male) |
| 1:47 | Build | Lumber Camp |
| 2:09 | Create | Villager (Male) |
| 2:10 | Create | Villager (Male) |
| 2:22 | Create | Villager (Male) |
| 2:22 | Create | Villager (Male) |
| 2:54 | Create | Villager (Male) |
| 2:54 | Create | Villager (Male) |
| 3:04 | Create | Villager (Male) |
| 3:36 | Create | Villager (Male) |
| 3:55 | Build | House |
| 3:56 | Build | House |
| 4:12 | Create | Villager (Male) |
| 4:12 | Create | Villager (Male) |
| 4:12 | Create | Villager (Male) |
| 4:42 | Build | Mill |
| 4:51 | Create | Villager (Male) |
| 5:10 | Create | Villager (Male) |
| 5:10 | Create | Villager (Male) |
| 5:10 | Create | Villager (Male) |
| 6:06 | Create | Villager (Male) |
| 6:06 | Create | Villager (Male) |
| 6:34 | Build | Farm |
| 6:38 | Build | Farm |
| 6:47 | Create | Villager (Male) |
| 7:36 | Research | Feudal Age |
| 8:40 | Create | Villager (Male) |
| 8:40 | Create | Villager (Male) |
| 9:46 | Age | Feudal Age |
| 9:48 | Build | Stable |
| 9:51 | Build | House |
| 10:01 | Create | Villager (Male) |
| 10:18 | Research | Double-Bit Axe |
| 10:27 | Build | Farm |
| 10:29 | Build | Farm |
| 10:32 | Create | Scout Cavalry |
| 10:32 | Create | Scout Cavalry |
| 10:37 | Build | House |
| 10:38 | Build | House |
| 10:40 | Create | Villager (Male) |
| 10:51 | Build | Farm |
| 11:07 | Create | Villager (Male) |
| 11:12 | Create | Scout Cavalry |
| 11:16 | Build | Farm |
| 11:18 | Build | Farm |
| 11:35 | Create | Villager (Male) |
| 11:54 | Create | Villager (Male) |
| 11:59 | Build | Farm |
| 12:21 | Create | Villager (Male) |
| 12:32 | Create | Villager (Male) |
| 12:36 | Build | Farm |
| 12:37 | Build | Farm |
| 12:40 | Build | Farm |
| 12:41 | Build | Farm |
| 12:44 | Build | Farm |
| 13:10 | Build | Farm |
| 13:16 | Build | Mining Camp |
| 13:29 | Create | Villager (Male) |
| 13:59 | Create | Villager (Male) |
| 13:59 | Create | Villager (Male) |
| 14:02 | Create | Scout Cavalry |
| 14:49 | Research | Castle Age |
| 14:49 | Research | Castle Age |
| 15:02 | Research | Horse Collar |
| 15:19 | Build | Farm |
| 15:23 | Build | Farm |
| 15:53 | Create | Scout Cavalry |
| 16:20 | Build | House |
| 16:22 | Build | House |
| 16:37 | Create | Villager (Male) |
| 16:37 | Create | Villager (Male) |
| 16:44 | Research | Bloodlines |
| 16:48 | Build | Blacksmith |
| 17:29 | Age | Castle Age |
| 17:33 | Create | Villager (Male) |
| 17:37 | Build | Town Center |
| 17:57 | Build | Market |
| 18:13 | Create | Villager (Male) |
| 18:44 | Create | Villager (Male) |
| 19:02 | Build | Town Center |
| 19:07 | Create | Villager (Male) |
| 19:07 | Create | Villager (Male) |
| 19:17 | Research | Bow Saw |
| 19:44 | Create | Villager (Male) |
| 19:44 | Create | Villager (Male) |
| 19:52 | Build | Town Center |
| 19:56 | Build | Farm |
| 19:57 | Build | Farm |
| 20:02 | Create | Villager (Male) |
| 20:02 | Create | Villager (Male) |
| 20:11 | Research | Wheelbarrow |
| 20:18 | Build | Lumber Camp |
| 20:30 | Create | Villager (Male) |
| 20:30 | Create | Villager (Male) |
| 20:32 | Build | Farm |
| 20:32 | Create | Villager (Male) |
| 20:32 | Create | Villager (Male) |
| 20:49 | Build | Farm |
| 20:50 | Build | Farm |
| 20:51 | Create | Villager (Male) |
| 21:05 | Build | Farm |
| 21:07 | Create | Villager (Male) |
| 21:10 | Create | Villager (Male) |
| 21:10 | Create | Villager (Male) |
| 21:11 | Create | Villager (Male) |
| 21:31 | Build | Farm |
| 21:34 | Build | Monastery |
| 21:37 | Create | Villager (Male) |
| 21:37 | Create | Villager (Male) |
| 21:40 | Research | Town Watch |
| 21:50 | Create | Villager (Male) |
| 21:56 | Build | Farm |
| 21:57 | Build | Farm |
| 21:57 | Build | Farm |
| 21:58 | Build | Farm |
| 21:58 | Build | Farm |
| 21:58 | Build | Farm |
| 21:58 | Build | Farm |
| 21:59 | Build | Farm |
| 21:59 | Build | Farm |
| 21:59 | Build | Farm |
| 22:02 | Create | Villager (Male) |
| 22:15 | Build | Farm |
| 22:16 | Create | Monk |
| 22:28 | Build | Farm |
| 22:29 | Create | Villager (Male) |
| 22:29 | Create | Villager (Male) |
| 22:29 | Create | Villager (Male) |
| 22:30 | Create | Villager (Male) ×3 |
| 22:38 | Create | Villager (Male) |
| 22:41 | Build | Farm |
| 22:42 | Build | Farm |
| 22:43 | Create | Villager (Male) |
| 22:47 | Build | Farm |
| 22:47 | Build | Farm |
| 22:47 | Build | Farm |
| 22:47 | Build | Farm |
| 22:48 | Build | Farm |
| 22:48 | Build | Farm |
| 22:56 | Create | Scout Cavalry |
| 22:57 | Create | Villager (Male) |
| 23:01 | Build | House |
| 23:02 | Build | House |
| 23:04 | Build | House |
| 23:12 | Build | Farm |
Build order — Azulazar
First 150 of 252 actions detected
| 0:00 | Create | Villager (Male) |
| 0:01 | Create | Villager (Male) |
| 0:01 | Create | Villager (Male) |
| 0:03 | Build | House |
| 0:04 | Build | House |
| 0:13 | Create | Villager (Male) |
| 0:13 | Create | Villager (Male) |
| 1:22 | Create | Villager (Male) |
| 1:22 | Create | Villager (Male) |
| 1:22 | Create | Villager (Male) |
| 1:45 | Create | Villager (Male) |
| 1:59 | Create | Villager (Male) |
| 2:09 | Create | Villager (Male) |
| 2:09 | Create | Villager (Male) |
| 2:10 | Create | Villager (Male) |
| 2:31 | Create | Villager (Male) |
| 2:31 | Create | Villager (Male) |
| 2:34 | Build | Lumber Camp |
| 2:43 | Build | House |
| 2:46 | Build | House |
| 3:04 | Create | Villager (Male) |
| 3:04 | Create | Villager (Male) |
| 3:25 | Create | Villager (Male) |
| 3:25 | Create | Villager (Male) |
| 3:25 | Create | Villager (Male) |
| 3:55 | Create | Villager (Male) |
| 3:55 | Create | Villager (Male) |
| 3:55 | Create | Villager (Male) |
| 4:48 | Create | Villager (Male) |
| 4:48 | Create | Villager (Male) |
| 4:49 | Create | Villager (Male) |
| 5:49 | Create | Villager (Male) |
| 5:49 | Create | Villager (Male) |
| 5:51 | Build | Mill |
| 6:08 | Build | Mill |
| 6:10 | Create | Villager (Male) |
| 6:10 | Create | Villager (Male) |
| 6:29 | Build | House |
| 6:30 | Build | House |
| 7:38 | Build | Mining Camp |
| 7:52 | Create | Villager (Male) |
| 7:52 | Create | Villager (Male) |
| 8:27 | Research | Feudal Age |
| 8:49 | Build | Mining Camp |
| 8:59 | Create | Villager (Male) |
| 8:59 | Create | Villager (Male) |
| 9:40 | Create | Villager (Male) |
| 9:40 | Create | Villager (Male) |
| 10:52 | Research | Loom |
| 10:53 | Create | Villager (Male) |
| 10:56 | Age | Feudal Age |
| 11:02 | Build | Market |
| 11:34 | Create | Villager (Male) |
| 11:40 | Build | Blacksmith |
| 11:48 | Create | Villager (Male) |
| 12:32 | Research | Castle Age |
| 12:33 | Research | Castle Age |
| 13:09 | Research | Double-Bit Axe |
| 13:10 | Research | Horse Collar |
| 13:50 | Build | House |
| 14:12 | Create | Villager (Male) |
| 14:12 | Create | Villager (Male) |
| 14:45 | Research | Fletching |
| 15:16 | Age | Castle Age |
| 15:24 | Build | Castle |
| 16:01 | Build | Castle |
| 16:05 | Build | Palisade Gate |
| 16:10 | Build | Palisade Gate |
| 16:12 | Build | House |
| 16:14 | Build | House |
| 16:25 | Build | Palisade Wall |
| 16:40 | Build | Palisade Wall |
| 16:52 | Build | Palisade Wall |
| 16:53 | Build | Palisade Wall |
| 17:13 | Build | Farm |
| 17:13 | Build | Farm |
| 17:14 | Build | Farm |
| 17:26 | Build | Lumber Camp |
| 17:47 | Build | Farm |
| 17:47 | Build | Farm |
| 17:50 | Build | Farm |
| 18:09 | Build | Lumber Camp |
| 18:10 | Create | Longbowman |
| 18:11 | Create | Longbowman |
| 18:11 | Create | Longbowman |
| 18:23 | Research | Bodkin Arrow |
| 18:24 | Create | Villager (Male) |
| 18:24 | Create | Villager (Male) |
| 18:34 | Build | Farm |
| 18:36 | Build | Farm |
| 18:37 | Build | Farm |
| 18:38 | Build | Farm |
| 18:46 | Create | Longbowman |
| 18:46 | Create | Longbowman |
| 18:48 | Create | Longbowman |
| 18:48 | Create | Longbowman |
| 18:48 | Create | Longbowman |
| 18:57 | Create | Villager (Male) |
| 18:58 | Create | Villager (Male) |
| 18:58 | Create | Villager (Male) |
| 19:05 | Build | Barracks |
| 19:14 | Create | Longbowman |
| 19:14 | Create | Longbowman |
| 19:18 | Create | Villager (Male) |
| 19:19 | Create | Villager (Male) |
| 19:25 | Build | Farm |
| 19:44 | Create | Villager (Male) |
| 19:44 | Create | Villager (Male) |
| 19:51 | Build | Farm |
| 19:53 | Build | Farm |
| 19:58 | Create | Spearman |
| 19:58 | Create | Spearman |
| 19:59 | Create | Spearman |
| 20:06 | Create | Longbowman |
| 20:15 | Create | Villager (Male) |
| 20:16 | Create | Villager (Male) |
| 20:28 | Create | Villager (Male) |
| 20:28 | Create | Villager (Male) |
| 20:39 | Create | Spearman |
| 20:39 | Create | Spearman |
| 20:52 | Create | Spearman |
| 20:55 | Build | Barracks |
| 21:06 | Create | Villager (Male) |
| 21:06 | Create | Villager (Male) |
| 21:18 | Research | Scale Mail Armor |
| 21:23 | Create | Spearman |
| 21:40 | Build | Farm |
| 21:45 | Build | Farm |
| 21:48 | Build | Farm |
| 21:52 | Create | Spearman |
| 21:52 | Create | Spearman |
| 21:53 | Create | Spearman |
| 21:53 | Create | Spearman |
| 21:53 | Create | Spearman |
| 22:00 | Create | Longbowman |
| 22:00 | Create | Longbowman |
| 22:00 | Create | Longbowman |
| 22:01 | Create | Longbowman |
| 22:26 | Create | Longbowman |
| 22:26 | Create | Longbowman |
| 22:26 | Create | Longbowman |
| 22:27 | Create | Longbowman |
| 22:34 | Create | Spearman |
| 22:35 | Create | Spearman |
| 22:45 | Create | Spearman |
| 22:46 | Create | Spearman |
| 23:11 | Create | Longbowman |
| 23:12 | Create | Longbowman |
| 23:16 | Create | Villager (Male) |
| 23:16 | Create | Villager (Male) |
Build order — 牛比无极限
First 150 of 199 actions detected
| 0:01 | Create | Villager (Male) |
| 0:02 | Create | Villager (Male) |
| 0:02 | Create | Villager (Male) |
| 0:03 | Build | House |
| 0:05 | Build | House |
| 1:02 | Create | Villager (Male) |
| 1:02 | Create | Villager (Male) |
| 1:39 | Create | Villager (Male) |
| 1:39 | Create | Villager (Male) |
| 2:05 | Create | Villager (Male) |
| 2:06 | Create | Villager (Male) |
| 2:18 | Build | Lumber Camp |
| 2:26 | Create | Villager (Male) |
| 2:27 | Create | Villager (Male) |
| 2:27 | Create | Villager (Male) |
| 2:55 | Create | Villager (Male) |
| 2:55 | Create | Villager (Male) |
| 3:30 | Create | Villager (Male) |
| 3:30 | Create | Villager (Male) |
| 3:30 | Create | Villager (Male) |
| 3:38 | Build | House |
| 3:39 | Build | House |
| 3:40 | Build | House |
| 4:39 | Create | Villager (Male) |
| 4:39 | Create | Villager (Male) |
| 4:39 | Create | Villager (Male) |
| 5:15 | Build | Mill |
| 5:33 | Create | Villager (Male) |
| 5:59 | Create | Villager (Male) |
| 6:11 | Build | Mill |
| 6:19 | Create | Villager (Male) |
| 6:38 | Create | Villager (Male) |
| 7:26 | Create | Villager (Male) |
| 7:41 | Build | Mining Camp |
| 8:00 | Create | Villager (Male) |
| 8:21 | Research | Feudal Age |
| 8:22 | Research | Feudal Age |
| 9:34 | Create | Villager (Male) |
| 9:34 | Create | Villager (Male) |
| 10:35 | Age | Feudal Age |
| 10:39 | Build | Market |
| 10:55 | Build | Blacksmith |
| 10:57 | Build | House |
| 10:59 | Build | House |
| 11:01 | Build | House |
| 11:20 | Create | Villager (Male) |
| 11:49 | Create | Villager (Male) |
| 12:28 | Create | Villager (Male) |
| 12:32 | Research | Castle Age |
| 12:32 | Research | Castle Age |
| 12:37 | Build | Lumber Camp |
| 13:01 | Research | Horse Collar |
| 13:04 | Research | Double-Bit Axe |
| 13:49 | Build | Barracks |
| 13:57 | Build | Farm |
| 13:58 | Build | Farm |
| 13:59 | Build | Farm |
| 14:02 | Build | Farm |
| 14:03 | Build | Farm |
| 14:04 | Build | Farm |
| 14:10 | Create | Villager (Male) |
| 14:10 | Create | Villager (Male) |
| 14:53 | Build | Farm |
| 14:54 | Build | Farm |
| 14:57 | Create | Spearman |
| 15:08 | Create | Spearman |
| 15:12 | Age | Castle Age |
| 15:23 | Build | Town Center |
| 15:54 | Create | Villager (Male) |
| 15:58 | Build | Monastery |
| 16:35 | Create | Villager (Male) |
| 16:35 | Create | Villager (Male) |
| 16:36 | Create | Villager (Male) |
| 16:36 | Create | Villager (Male) |
| 16:39 | Build | Farm |
| 16:40 | Build | Farm |
| 16:45 | Create | Monk |
| 16:46 | Create | Monk |
| 17:04 | Create | Villager (Male) |
| 17:19 | Build | Farm |
| 17:21 | Build | Farm |
| 17:22 | Build | Farm |
| 17:23 | Build | Farm |
| 17:24 | Build | Farm |
| 17:26 | Build | Farm |
| 18:10 | Create | Villager (Male) |
| 18:10 | Create | Villager (Male) |
| 18:10 | Create | Villager (Male) |
| 18:11 | Create | Villager (Male) |
| 18:44 | Create | Villager (Male) |
| 18:45 | Create | Villager (Male) |
| 18:45 | Create | Villager (Male) |
| 18:45 | Create | Villager (Male) |
| 18:59 | Create | Spearman |
| 19:26 | Create | Spearman |
| 19:27 | Create | Villager (Male) |
| 19:28 | Create | Villager (Male) |
| 19:28 | Create | Villager (Male) |
| 19:40 | Build | Farm |
| 19:42 | Build | Farm |
| 19:43 | Build | Farm |
| 19:44 | Build | Farm |
| 19:45 | Build | Farm |
| 19:56 | Build | Mining Camp |
| 20:05 | Build | Farm |
| 20:06 | Build | Farm |
| 20:08 | Build | Farm |
| 20:11 | Build | Farm |
| 20:13 | Build | Farm |
| 20:20 | Create | Villager (Male) |
| 20:20 | Create | Villager (Male) |
| 20:26 | Research | Coinage |
| 20:46 | Create | Villager (Male) |
| 21:00 | Build | Mill |
| 21:01 | Build | Farm |
| 21:02 | Build | Farm |
| 21:04 | Build | Farm |
| 21:05 | Build | Farm |
| 21:06 | Build | Farm |
| 21:07 | Build | Farm |
| 21:16 | Create | Villager (Male) |
| 21:17 | Create | Villager (Male) |
| 21:20 | Build | Farm |
| 21:21 | Build | Farm |
| 21:22 | Build | Farm |
| 21:32 | Create | Villager (Male) |
| 21:32 | Create | Villager (Male) |
| 21:48 | Create | Villager (Male) |
| 21:48 | Create | Villager (Male) |
| 21:54 | Create | Villager (Male) |
| 21:55 | Create | Villager (Male) |
| 21:55 | Create | Villager (Male) |
| 22:10 | Build | House |
| 22:11 | Build | House |
| 22:19 | Research | Wheelbarrow |
| 22:20 | Research | Wheelbarrow |
| 22:21 | Create | Villager (Male) |
| 22:45 | Create | Villager (Male) |
| 22:45 | Create | Villager (Male) |
| 23:05 | Create | Villager (Male) |
| 23:06 | Create | Villager (Male) |
| 23:13 | Create | Villager (Male) |
| 23:40 | Create | Villager (Male) |
| 23:57 | Create | Villager (Male) |
| 24:12 | Build | Mining Camp |
| 24:23 | Create | Villager (Male) |
| 24:24 | Create | Villager (Male) |
| 24:31 | Create | Villager (Male) |
| 24:45 | Create | Villager (Male) |
| 25:02 | Create | Villager (Male) |
Build order — DS_Moai
First 150 of 260 actions detected
| 0:01 | Create | Villager (Male) |
| 0:02 | Create | Villager (Male) |
| 0:02 | Create | Villager (Male) |
| 0:03 | Build | House |
| 0:04 | Build | House |
| 0:23 | Create | Villager (Male) |
| 0:23 | Create | Villager (Male) |
| 1:28 | Create | Villager (Male) |
| 1:29 | Create | Villager (Male) |
| 1:49 | Build | Lumber Camp |
| 2:06 | Create | Villager (Male) |
| 2:06 | Create | Villager (Male) |
| 2:25 | Create | Villager (Male) |
| 2:25 | Create | Villager (Male) |
| 2:47 | Create | Villager (Male) |
| 2:52 | Create | Villager (Male) |
| 2:52 | Create | Villager (Male) |
| 3:39 | Build | House |
| 3:44 | Create | Villager (Male) |
| 4:08 | Create | Villager (Male) |
| 4:30 | Build | Mining Camp |
| 4:36 | Create | Villager (Male) |
| 4:55 | Create | Villager (Male) |
| 5:14 | Research | Loom |
| 5:45 | Research | Feudal Age |
| 6:28 | Build | House |
| 7:16 | Build | Mill |
| 7:38 | Create | Villager (Male) |
| 8:02 | Age | Feudal Age |
| 8:04 | Build | Watch Tower |
| 8:09 | Research | Double-Bit Axe |
| 8:30 | Create | Villager (Male) |
| 8:47 | Create | Villager (Male) |
| 9:14 | Create | Villager (Male) |
| 9:36 | Create | Villager (Male) |
| 9:53 | Build | House |
| 9:54 | Build | Mill |
| 10:12 | Build | Watch Tower |
| 10:13 | Create | Villager (Male) |
| 10:29 | Create | Villager (Male) |
| 10:54 | Create | Villager (Male) |
| 11:22 | Create | Villager (Male) |
| 11:25 | Research | Horse Collar |
| 11:29 | Build | Farm |
| 11:46 | Build | Watch Tower |
| 11:48 | Create | Villager (Male) |
| 11:53 | Build | Blacksmith |
| 12:10 | Create | Villager (Male) |
| 12:12 | Build | Farm |
| 12:15 | Build | House |
| 12:21 | Create | Villager (Male) |
| 12:25 | Build | Farm |
| 12:27 | Build | Farm |
| 13:04 | Create | Villager (Male) |
| 13:16 | Build | Farm |
| 13:20 | Build | Farm |
| 13:22 | Create | Villager (Male) |
| 13:28 | Build | Farm |
| 13:46 | Build | Farm |
| 13:49 | Create | Villager (Male) |
| 14:03 | Build | Farm |
| 14:12 | Build | House |
| 14:15 | Create | Villager (Male) |
| 14:37 | Build | Farm |
| 14:39 | Build | Farm |
| 14:40 | Create | Villager (Male) |
| 14:57 | Build | Farm |
| 15:03 | Create | Villager (Male) |
| 15:16 | Build | Farm |
| 15:30 | Create | Villager (Male) |
| 15:56 | Build | Mining Camp |
| 16:01 | Create | Villager (Male) |
| 16:25 | Research | Wheelbarrow |
| 16:35 | Build | Farm |
| 16:42 | Build | House |
| 17:00 | Build | Gate |
| 17:06 | Build | Gate |
| 17:10 | Build | Palisade Gate |
| 17:13 | Build | Palisade Gate |
| 17:17 | Build | House |
| 17:19 | Create | Villager (Male) |
| 18:02 | Create | Villager (Male) |
| 18:27 | Build | Farm |
| 18:29 | Build | Farm |
| 18:35 | Create | Villager (Male) |
| 18:37 | Build | Market |
| 19:28 | Build | Blacksmith |
| 19:29 | Create | Villager (Male) |
| 19:59 | Research | Castle Age |
| 20:00 | Research | Castle Age |
| 20:00 | Research | Castle Age |
| 20:42 | Research | Stone Mining |
| 21:22 | Research | Gold Mining |
| 22:06 | Create | Villager (Male) |
| 22:39 | Age | Castle Age |
| 22:42 | Build | Town Center |
| 22:45 | Build | Town Center |
| 22:47 | Research | Bow Saw |
| 22:57 | Build | Town Center |
| 23:01 | Create | Villager (Male) |
| 23:19 | Build | University |
| 23:22 | Create | Villager (Male) |
| 23:31 | Build | Watch Tower |
| 23:36 | Create | Villager (Male) |
| 23:53 | Build | Watch Tower |
| 24:01 | Research | Heavy Plow |
| 24:02 | Create | Villager (Male) |
| 24:04 | Create | Villager (Male) |
| 24:06 | Create | Villager (Male) |
| 24:06 | Create | Villager (Male) |
| 24:23 | Research | Fletching |
| 24:34 | Research | Guard Tower (upgrade) |
| 24:36 | Create | Villager (Male) |
| 24:45 | Build | Watch Tower |
| 24:50 | Create | Villager (Male) |
| 24:51 | Create | Villager (Male) |
| 24:51 | Create | Villager (Male) |
| 24:57 | Create | Villager (Male) |
| 24:57 | Create | Villager (Male) |
| 25:07 | Build | Town Center |
| 25:13 | Create | Villager (Male) |
| 25:14 | Create | Villager (Male) |
| 25:14 | Create | Villager (Male) |
| 25:22 | Create | Villager (Male) |
| 25:29 | Build | Farm |
| 25:36 | Create | Villager (Male) |
| 25:37 | Create | Villager (Male) |
| 25:44 | Build | Farm |
| 25:49 | Build | Farm |
| 25:51 | Create | Villager (Male) |
| 25:51 | Create | Villager (Male) |
| 25:54 | Build | Farm |
| 25:58 | Create | Villager (Male) |
| 25:58 | Create | Villager (Male) |
| 26:05 | Build | Farm |
| 26:11 | Create | Villager (Male) |
| 26:12 | Create | Villager (Male) |
| 26:16 | Create | Villager (Male) |
| 26:16 | Create | Villager (Male) |
| 26:17 | Create | Villager (Male) |
| 26:17 | Create | Villager (Male) |
| 26:22 | Build | Farm |
| 26:29 | Build | Farm |
| 26:36 | Build | Farm |
| 26:43 | Create | Villager (Male) |
| 26:43 | Create | Villager (Male) |
| 26:43 | Create | Villager (Male) |
| 26:44 | Create | Villager (Male) |
| 26:47 | Build | House |
| 26:51 | Build | Farm |
Match timeline
| 5:04 | DS_Levi · wall_segment Palisade Wall x1 |
| 5:07 | DS_Levi · wall_segment Palisade Wall x1 |
| 5:08 | DS_Levi · wall_segment Palisade Wall x1 |
| 5:15 | DS_Levi · wall_segment Palisade Wall x1 |
| 5:19 | DS_Levi · wall_segment Palisade Wall x1 |
| 5:20 | DS_Levi · wall_segment Palisade Wall x1 |
| 5:25 | DS_Levi · wall_segment Palisade Wall x1 |
| 5:27 | DS_Levi · wall_segment Palisade Wall x1 |
| 5:30 | DS_Levi · wall_segment Palisade Wall x1 |
| 5:50 | DS_Levi · wall_segment Palisade Wall x1 |
| 5:51 | DS_Levi · wall_segment Palisade Wall x1 |
| 5:51 | DS_Levi · wall_segment Palisade Wall x1 |
| 8:02 | DS_Moai · age_up feudal |
| 8:23 | Aztart · wall_segment Palisade Wall x11 |
| 8:46 | DL | Tortafuller · wall_segment Palisade Wall x1 |
| 8:52 | DL | Tortafuller · age_up feudal |
| 9:46 | Cris_1z · age_up feudal |
| 9:48 | Cris_1z · first_building Stable |
| 9:51 | luanb10 · wall_segment Palisade Wall x4 |
| 9:52 | luanb10 · wall_segment Palisade Wall x4 |
| 9:57 | luanb10 · wall_segment Palisade Wall x4 |
| 9:59 | luanb10 · wall_segment Palisade Wall x2 |
| 10:35 | 牛比无极限 · age_up feudal |
| 10:41 | DS_Levi · first_building Barracks |
| 10:55 | luanb10 · wall_segment Palisade Wall x4 |
| 10:56 | Azulazar · age_up feudal |
| 10:59 | luanb10 · wall_segment Palisade Wall x1 |
| 11:00 | Aztart · age_up feudal |
| 11:07 | luanb10 · wall_segment Palisade Wall x1 |
| 11:07 | luanb10 · wall_segment Palisade Wall x1 |
| 11:07 | luanb10 · wall_segment Palisade Wall x1 |
| 11:24 | luanb10 · age_up feudal |
| 11:57 | DS_Levi · age_up feudal |
| 11:59 | luanb10 · wall_segment Palisade Wall x1 |
| 11:59 | DS_Levi · first_building Stable |
| 13:08 | luanb10 · wall_segment Palisade Wall x1 |
| 13:11 | luanb10 · wall_segment Palisade Wall x1 |
| 13:15 | luanb10 · wall_segment Palisade Wall x1 |
| 13:17 | luanb10 · wall_segment Palisade Wall x1 |
| 13:19 | luanb10 · wall_segment Palisade Wall x1 |
| 13:20 | luanb10 · wall_segment Palisade Wall x1 |
| 13:23 | luanb10 · wall_segment Palisade Wall x1 |
| 13:24 | DL | Tortafuller · wall_segment Palisade Wall x1 |
| 13:49 | 牛比无极限 · first_building Barracks |
| 14:19 | Aztart · wall_segment Palisade Wall x1 |
| 14:29 | DL | Tortafuller · wall_segment Palisade Wall x1 |
| 14:30 | DL | Tortafuller · wall_segment Palisade Wall x1 |
| 14:34 | DL | Tortafuller · wall_segment Palisade Wall x1 |
| 14:41 | luanb10 · first_market_buy 100 food |
| 14:50 | Aztart · wall_segment Palisade Wall x1 |
| 15:12 | 牛比无极限 · age_up castle |
| 15:13 | luanb10 · first_market_sell 100 wood |
| 15:16 | Azulazar · age_up castle |
| 15:16 | DL | Tortafuller · wall_segment Palisade Wall x1 |
| 15:20 | DL | Tortafuller · wall_segment Palisade Wall x1 |
| 15:23 | DL | Tortafuller · wall_segment Palisade Wall x1 |
| 15:24 | Azulazar · first_building Castle |
| 15:27 | DS_Levi · first_market_buy 100 food |
| 15:27 | Aztart · wall_segment Palisade Wall x5 |
| 15:29 | DS_Levi · age_up castle |
| 15:58 | 牛比无极限 · first_building Monastery |
| 16:25 | Azulazar · wall_segment Palisade Wall x1 |
| 16:40 | Azulazar · wall_segment Palisade Wall x1 |
| 16:52 | Azulazar · wall_segment Palisade Wall x1 |
| 16:53 | Azulazar · wall_segment Palisade Wall x1 |
| 17:29 | Cris_1z · age_up castle |
| 17:57 | luanb10 · age_up castle |
| 18:13 | Azulazar · first_market_buy 100 wood |
| 18:15 | 牛比无极限 · first_market_buy 100 stone |
| 18:20 | Azulazar · first_market_sell 100 stone |
| 18:25 | 牛比无极限 · tribute_sent a jugador 1 |
| 18:25 | 牛比无极限 · tribute_sent a jugador 2 |
| 18:25 | 牛比无极限 · tribute_sent a jugador 3 |
| 18:25 | 牛比无极限 · tribute_sent a jugador 4 |
| 18:25 | 牛比无极限 · tribute_sent a jugador 5 |
| 18:25 | 牛比无极限 · tribute_sent a jugador 6 |
| 18:25 | 牛比无极限 · tribute_sent a jugador 8 |
| 18:51 | luanb10 · first_building Castle |
| 18:59 | Cris_1z · first_market_buy 100 wood |
| 19:05 | Azulazar · first_building Barracks |
| 20:32 | DL | Tortafuller · first_building Barracks |
| 20:54 | Aztart · age_up castle |
| 21:08 | DS_Moai · first_market_buy 100 wood |
| 21:10 | DS_Moai · first_market_sell 100 food |
| 21:18 | DL | Tortafuller · first_building Archery Range |
| 21:34 | Cris_1z · first_building Monastery |
| 21:45 | 牛比无极限 · tribute_sent a jugador 1 |
| 21:45 | 牛比无极限 · tribute_sent a jugador 2 |
| 21:45 | 牛比无极限 · tribute_sent a jugador 3 |
| 21:45 | 牛比无极限 · tribute_sent a jugador 4 |
| 21:45 | 牛比无极限 · tribute_sent a jugador 5 |
| 21:45 | 牛比无极限 · tribute_sent a jugador 6 |
| 21:45 | 牛比无极限 · tribute_sent a jugador 8 |
| 22:21 | DS_Levi · first_building Monastery |
| 22:39 | DS_Moai · age_up castle |
| 23:38 | 牛比无极限 · tribute_sent a jugador 1 |
| 23:38 | 牛比无极限 · tribute_sent a jugador 2 |
| 23:38 | 牛比无极限 · tribute_sent a jugador 3 |
| 23:38 | 牛比无极限 · tribute_sent a jugador 4 |
| 23:38 | 牛比无极限 · tribute_sent a jugador 5 |
| 23:38 | 牛比无极限 · tribute_sent a jugador 6 |
| 23:38 | 牛比无极限 · tribute_sent a jugador 8 |
| 24:11 | luanb10 · first_building Siege Workshop |
| 24:39 | DL | Tortafuller · age_up castle |
| 25:28 | luanb10 · first_building Monastery |
| 25:35 | DL | Tortafuller · first_building Siege Workshop |
| 25:41 | DL | Tortafuller · first_market_sell 100 wood |
| 26:26 | 牛比无极限 · tribute_sent a jugador 1 |
| 26:26 | 牛比无极限 · tribute_sent a jugador 2 |
| 26:26 | 牛比无极限 · tribute_sent a jugador 3 |
| 26:26 | 牛比无极限 · tribute_sent a jugador 4 |
| 26:26 | 牛比无极限 · tribute_sent a jugador 5 |
| 26:26 | 牛比无极限 · tribute_sent a jugador 6 |
| 26:26 | 牛比无极限 · tribute_sent a jugador 8 |
| 26:30 | DS_Levi · first_building Castle |
| 27:03 | 牛比无极限 · tribute_sent a jugador 1 |
| 27:03 | 牛比无极限 · tribute_sent a jugador 2 |
| 27:03 | 牛比无极限 · tribute_sent a jugador 3 |
| 27:03 | 牛比无极限 · tribute_sent a jugador 4 |
| 27:03 | 牛比无极限 · tribute_sent a jugador 5 |
| 27:03 | 牛比无极限 · tribute_sent a jugador 6 |
| 27:03 | 牛比无极限 · tribute_sent a jugador 8 |
| 27:07 | Aztart · first_market_sell 100 stone |
| 27:07 | Aztart · first_market_buy 100 food |
| 27:17 | DS_Levi · first_building Archery Range |
| 27:41 | Cris_1z · first_building Castle |
| 28:28 | 牛比无极限 · tribute_sent a jugador 1 |
| 28:28 | 牛比无极限 · tribute_sent a jugador 2 |
| 28:28 | 牛比无极限 · tribute_sent a jugador 3 |
| 28:28 | 牛比无极限 · tribute_sent a jugador 4 |
| 28:28 | 牛比无极限 · tribute_sent a jugador 5 |
| 28:28 | 牛比无极限 · tribute_sent a jugador 6 |
| 28:28 | 牛比无极限 · tribute_sent a jugador 8 |
| 28:39 | Aztart · first_building Monastery |
| 28:47 | DS_Moai · first_building Castle |
| 29:36 | Aztart · wall_segment Stone Wall x1 |
| 30:08 | luanb10 · resign |
| 30:51 | DS_Levi · age_up imperial |
| 30:57 | Aztart · first_building Barracks |
| 31:35 | Cris_1z · age_up imperial |
[ AI ANALYSIS · 1 CREDIT ]
What really happened in this match?
Wolo.gg analyzes every decision: build order, eco, micro, common mistakes by bracket. Personalized analysis on WhatsApp or Discord in 30 seconds.
Civ guide
Bohemians
Perfil
Jugador #5540767